 Dungeon Crawl Stone Soup version 0.29.0-4-gdea44cf6ec (webtiles) character file.

Game seed: 13340793733122265092

10 qw the Firebug (level 2, -1/23 HPs)
             Began as a Ghoul Fire Elementalist on Aug 30, 2022.
             Slain by a hobgoblin (3 damage)
             ... on level 1 of the Dungeon.
             The game lasted 00:00:19 (381 turns).

qw the Firebug (Ghoul Fire Elementalist)             Turns: 381, Time: 00:00:19

Health: -1/23      AC:  2    Str: 11    XL:     2   Next: 20%
Magic:  3/3        EV: 12    Int: 10    God:
Gold:   76         SH:  0    Dex:  9    Spells: 3/4 levels left

rFire   . . .      SeeInvis .     - Unarmed
rCold   + . .      Faith    .   (no shield)
rNeg    + + +      Spirit   .   a - +0 robe
rPois   inf        Reflect  .   (no helmet)
rElec   .          Harm     .   (no cloak)
rCorr   .          Rampage  .   (no gloves)
Will    .....                   (no boots)
Stlth   ++........              (no amulet)
HPRegen 0.00/turn               (no ring)
MPRegen 0.08/turn               (no ring)

@: inhibited regen
A: claws 1, cold resistance 1, negative energy resistance 3, inhibited
regeneration, torment resistance 2, devour on kill
a: no special abilities


You were on level 1 of the Dungeon.
You visited 1 branch of the dungeon, and saw 1 of its levels.

You collected 76 gold pieces.


Innate Abilities, Weirdness & Mutations

You are immune to poison.
You have sharp fingernails.
Your flesh is cold resistant. (rC+)
You are immune to negative energy. (rN+++)
You do not regenerate when monsters are visible.
You are immune to unholy pain and torment.
You thrive by killing the living.


   Skills:
 - Level 1.0 Fighting
 - Level 1.7 Dodging
 - Level 2.1 Stealth
 + Level 1.4 Unarmed Combat
 - Level 1.7 Spellcasting
 - Level 0.7 Conjurations
 - Level 2.4 Fire Magic


You had 3 spell levels left.
You knew the following spells:

 Your Spells              Type           Power      Damage    Failure   Level
a - Foxfire               Conj/Fire      16%        2x1d4     17%         1

Your spell library contained the following spells:

 Spells                   Type           Power      Damage    Failure   Level
 Scorch                   Fire           10%        2d5       19%         2
 Conjure Flame            Conj/Fire      4%         6-21      45%         3
 Inner Flame              Hex/Fire       3%         N/A       52%         3
 Flame Wave               Conj/Fire      4%         2d5       86%         4

Inventory:

Armour
 a - a +0 robe (worn)
 d - a +0 leather armour
Potions
 b - a potion of magic
 c - a potion of might {unknown}

Dungeon Overview and Level Annotations

Branches:
Dungeon (1/15)

Altars:

Shops:
D:1 (


Message History

The kobold barely misses you. The goblin hits you with a +0 dagger.
You scratch the kobold.
You kill the kobold!
The goblin hits you with a +0 dagger.
Your Fighting skill increases to level 1!
You completely miss the hobgoblin. The goblin misses you.
The hobgoblin closely misses you.
You scratch the hobgoblin but do no damage.
The goblin closely misses you. The hobgoblin misses you.
369 ||| Stepping ~*~*~tactically~*~*~ (outnumbered).
The hobgoblin attacks as you move away! The hobgoblin misses you.
The goblin hits you with a +0 dagger.
370 ||| Stepping ~*~*~tactically~*~*~ (hiding).
371 ||| Stepping ~*~*~tactically~*~*~ (outnumbered).
372 ||| Stepping ~*~*~tactically~*~*~ (outnumbered).
The goblin attacks as you move away! The goblin hits you with a +0 dagger.
The hobgoblin attacks as you move away! The hobgoblin closely misses you.
You scratch the goblin.
You kill the goblin!
You feel better.
You barely miss the hobgoblin. The hobgoblin hits you.
You scratch the hobgoblin.
You kill the hobgoblin!
376 ||| Stepping ~*~*~tactically~*~*~ (hiding).
You completely miss the hobgoblin. The hobgoblin closely misses you.
You scratch the hobgoblin.
The hobgoblin is heavily wounded.
The hobgoblin hits you.
You scratch the hobgoblin but do no damage.
The hobgoblin is heavily wounded.
The hobgoblin closely misses you.
You scratch the hobgoblin.
The hobgoblin is almost dead.
The hobgoblin barely misses you.
You scratch the hobgoblin but do no damage.
The hobgoblin is almost dead.
The hobgoblin hits you.
You die...

.... ... .#.. .# #.#
.#.. ..##.. ...#
..#.. .#.#
.w..##.#.########
#..#..#@##.....#
#..#.##g##.....#
#.)w..wl.......#
#.......##.....#
......##7.7##......#
..#.# ....##.#...##
.. #.#7.7#7.##.## ##
.............#####
## 7#7#7........#


You could see a dart slug, a hobgoblin and a frilled lizard.

Vanquished Creatures
  An endoplasm (D:1)
  2 giant cockroaches (D:1)
  2 goblins (D:1)
  2 hobgoblins (D:1)
  A kobold (D:1)
8 creatures vanquished.

Notes
Turn   | Place    | Note
-------+----------+-------------------------------------------
     0 | D:1      | qw the Ghoul Fire Elementalist began the quest for the Orb.
     0 | D:1      | Reached XP level 1. HP: 14/14 MP: 2/2
     0 | D:1      | 0 ||| qw: Version: 0.1-a-90-g952f4b7
     0 | D:1      | 0 ||| qw: Game counter: 4319
     0 | D:1      | 0 ||| qw: Always use a shield: true
     0 | D:1      | 0 ||| qw: God list: Okawaru
     0 | D:1      | 0 ||| qw: Allow faded altars: false
     0 | D:1      | 0 ||| qw: Do Orc after D:15 true
     0 | D:1      | 0 ||| qw: Do second Lair branch before Depths: true
     0 | D:1      | 0 ||| qw: Lair rune preference: random
     0 | D:1      | 0 ||| qw: Plans: Normal
     0 | D:1      | 0 ||| PLANNING D:1-11
   263 | D:1      | Found a faded altar of an unknown god.
   273 | D:1      | Found Urot's Weapon Emporium.
   309 | D:1      | Reached skill level 1 in Unarmed Combat
   355 | D:1      | 355 ||| Stepping ~*~*~tactically~*~*~ (stealth).
   362 | D:1      | Reached XP level 2. HP: 16/22 MP: 3/3
   367 | D:1      | Reached skill level 1 in Fighting
   369 | D:1      | 369 ||| Stepping ~*~*~tactically~*~*~ (outnumbered).
   370 | D:1      | 370 ||| Stepping ~*~*~tactically~*~*~ (hiding).
   371 | D:1      | 371 ||| Stepping ~*~*~tactically~*~*~ (outnumbered).
   372 | D:1      | 372 ||| Stepping ~*~*~tactically~*~*~ (outnumbered).
   372 | D:1      | HP: 5/23 [goblin/+0 dagger (3)]
   376 | D:1      | 376 ||| Stepping ~*~*~tactically~*~*~ (hiding).
   378 | D:1      | HP: 2/23 [hobgoblin (3)]
   381 | D:1      | Slain by a hobgoblin

Levels and vault maps discovered:
D:1:      wander_arrival_peaceful_grave, layout_loops_cross, serial_shops, shop,
          basic_ecumenical_altar, serial_forest, infiniplex_forest_straight_4,
          infiniplex_forest_lined_3_way, infiniplex_forest_lined_corner,
          infiniplex_forest_lined_4_way, minmay_crystal_room, minmay_nonomino_d4

Skill      XL: |  1  2 |
---------------+-------+-----
Unarmed Combat | 1 |  1.4
Fighting       | 1 |  1.0
Dodging        | |  1.7
Stealth        | |  2.1
Spellcasting   | |  1.7
Conjurations   | |  0.7
Fire Magic     | |  2.4

Action                   || total
-------------------------++-------
Melee: Unarmed           ||    33
Armor: Robe              ||     4
Dodge: Dodged            ||    20

Table legend:
 A = Non-vault XP
 B = Vault XP
 C = Vault XP percentage of total XP
 D = Non-vault monster count
 E = Vault monster count
 F = Vault count percentage of total count
                 A         B        C        D         E       F
            +---------+---------+-------+---------+---------+-------
      Total |       8 |       7 |  46.7 |       4 |       4 |  50.0
            +---------+---------+-------+---------+---------+-------
        D:1 |       8 |       7 |  46.7 |       4 |       4 |  50.0
            +---------+---------+-------+---------+---------+-------
